 Dungeon Crawl Stone Soup version 0.29.1-2-gbd0b4ee654 (webtiles) character file.

Game seed: 7845026492490318764

6830 zeram the Protected (level 10, -7/88 HPs)
             Began as a Minotaur Fighter on Nov 6, 2022.
             Was an Initiate of Yredelemnul.
             Mangled by a death yak (9 damage)
             ... on level 10 of the Dungeon.
             The game lasted 00:16:54 (9804 turns).

zeram the Protected (Minotaur Fighter)              Turns: 9804, Time: 00:16:55

Health: -7/88      AC: 16    Str: 26    XL:     10   Next: 77%
Magic:  9/9        EV:  5    Int:  5    God:    Yredelemnul [......]
Gold:   620        SH:  0    Dex:  9    Spells: 9/9 levels left

rFire   . . .      SeeInvis +   H - +8 mace "Ipedghie" {flame, Will+ SInv}
rCold   . . .      Faith    .   r - +0 tower shield
rNeg    . . .      Spirit   .   w - +0 plate armour
rPois   .          Reflect  .   (helmet restricted)
rElec   .          Harm     .   y - +1 cloak
rCorr   .          Rampage  .   (no gloves)
Will    +....                   F - +2 pair of boots {Fly}
Stlth   ..........              B - amulet of the acrobat
HPRegen 0.24/turn               D - +4 ring of protection
MPRegen 0.11/turn               (no ring)

@: confused, ambrosia-drunk, corroded, flying
A: horns 2, retaliatory headbutt
a: Renounce Religion, Recall Undead Harvest


You were on level 10 of the Dungeon.
You worshipped Yredelemnul.
Yredelemnul was noncommittal.
You visited 2 branches of the dungeon, and saw 11 of its levels.
You also visited: Ossuary.

You collected 620 gold pieces.

Inventory:

Hand Weapons
 a - a +0 war axe
 h - a +3 vorpal hand axe
 l - a +0 whip
 z - the +7 mace of Circular Logic {vorpal, rF+ Str+4 Dex+2}
   (You found it on level 6 of the Dungeon)

   It inflicts extra damage upon your enemies.
   Str:       It affects your strength (+4).
   Dex:       It affects your dexterity (+2).
   rF:        It protects you from fire.
 H - the +8 mace "Ipedghie" (weapon) {flame, Will+ SInv}
   (You found it on level 9 of the Dungeon)

   It burns those it strikes, dealing additional fire damage.
   SInv:      It lets you see invisible.
   Will:      It increases your willpower.
Missiles
 o - a throwing net (quivered)
Armour
 b - a +0 scale mail
 c - a +0 buckler
 r - a +0 tower shield (worn)
 w - a +0 plate armour (worn)
 y - a +1 cloak (worn)
 F - a +2 pair of boots of flying (worn)
Jewellery
 B - an amulet of the acrobat (around neck)
 D - a +4 ring of protection (left hand)
Wands
 q - a wand of digging (4)
 v - a wand of flame (50)
 C - a wand of iceblast (4)
Scrolls
 i - 5 scrolls of immolation
 t - 3 scrolls of magic mapping
 x - a scroll of fear
 A - 2 scrolls of torment
 E - 2 scrolls of amnesia
Potions
 d - 6 potions of degeneration
 e - a potion of invisibility {unknown}
 f - a potion of attraction {unknown}
 g - a potion of mutation {unknown}
 j - 4 potions of curing
 k - 2 potions of lignification {unknown}
 m - 2 potions of ambrosia
 n - a potion of flight
 p - a potion of cancellation {unknown}
 s - a potion of resistance {unknown}
 u - 2 potions of brilliance {unknown}


   Skills:
 + Level 8.0 Fighting
 + Level 9.1(10.8) Axes
 + Level 9.1(10.7) Maces & Flails
 + Level 10.9 Armour
 + Level 3.0 Dodging
 + Level 8.8 Shields


You had 9 spell levels left.
You didn't know any spells.
Your spell library contained the following spells:

 Spells                   Type           Power      Damage    Failure   Level
 Beastly Appendage        Tmut           0%         N/A       100%        1
 Foxfire                  Conj/Fire      0%         2x1d4     100%        1
 Wereblood                Tmut           0%         N/A       100%        2
 Conjure Flame            Conj/Fire      0%         6-21      100%        3
 Frozen Ramparts          Ice            0%         1d1       100%        3
 Inner Flame              Hex/Fire       0%         N/A       100%        3
 Spider Form              Tmut/Pois      0%         N/A       100%        3
 Corpse Rot               Necr/Pois/Air  0%         N/A       100%        4
 Dispel Undead            Necr           0%         3d6       100%        4
 Flame Wave               Conj/Fire      0%         2d4       100%        4
 Ice Form                 Ice/Tmut       0%         N/A       100%        4
 Summon Ice Beast         Ice/Summ       0%         N/A       100%        4
 Death Channel            Necr           Unusable   N/A       N/A         6

Dungeon Overview and Level Annotations

Branches:
Dungeon (10/15)            Temple (1/1) D:5            Lair (0/5) D:10
Ossuary (visited)
    Orc: D:9-12

Altars:
Ashenzari
Cheibriados
Dithmenos
Elyvilon
Fedhas
Gozag
Hepliaklqana
Kikubaaqudgha
Makhleb
Nemelex Xobeh
Okawaru
Qazlal
Ru
Sif Muna
Trog
Uskayaw
Vehumet
Wu Jian
Xom
Yredelemnul
Zin
The Shining One

Shops:
D:7 =   D:8 :

Annotations:
D:5 2 transporters, Tirrikindir's ghost, novice OpFi
D:7 2 transporters, Grum; warriortoast's ghost, novice GrEE


Innate Abilities, Weirdness & Mutations

You have a pair of horns on your head.
You reflexively headbutt those who attack you in melee.


Message History

You feel sick.
You feel sick.
The death yak bellows!
You hear a bellow!
You hear a shout! x2
A death yak comes into view.
You see here a wand of iceblast (4).
C - a wand of iceblast (4)
You feel sick.
The death yak bellows!
A death yak comes into view.
Okay, then.
You feel sick.
You feel sick.
A death yak comes into view. x2
You feel sick.
You are no longer poisoned.
The death yak bellows!
A death yak comes into view.
The death yak bellows!
You hear a shout!
You are confused.
You feel invigorated.
Okay, then.
You are too confused!
You bump into the rock wall.
A gnoll comes into view. It is wielding a +0 vampiric spear.
The death yak gores you but does no damage.
The death yak gores you.
* * * LOW HITPOINT WARNING * * *
The death yak gores you.
* * * LOW HITPOINT WARNING * * *
A gnoll comes into view. It is wielding a +0 halberd.
The death yak gores you!
* * * LOW HITPOINT WARNING * * *
Unknown command.
You bump into the rock wall.
The death yak gores you.
* * * LOW HITPOINT WARNING * * *
The death yak gores you!
* * * LOW HITPOINT WARNING * * *
The death yak gores you!
You die...
Your body rises from the dead as a mindless zombie.

### .....
#######...
.....
#........#
...
#.........
#.........
#..(...g.#
#.YY......
##YY.Y..g)
#@Y......
#.....#..
#..#.....
#........
#########


You could see 6 death yaks and 2 gnolls.

Vanquished Creatures
  Joseph (D:8)
  Maggie (D:8)
  A troll (D:9)
  A hornet (D:8)
  Prince Ribbit (D:6)
  Grinder (D:3)
  A vampire (D:8)
  Sigmund (D:2)
  11 yaks (D:9)
  An ice beast (D:8)
  A sky beast (D:8)
  3 black bears
  2 ogres
  3 centaurs (D:9)
  An elf zombie (Ossuary)
  A kobold brigand (D:7)
  A bullfrog (D:8)
  A necrophage (D:6)
  A gnoll sergeant (D:9)
  4 scorpions (D:6)
  7 wights
  9 howler monkeys
  2 hounds
  3 orc priests
  2 gnoll boudas (D:6)
  A human zombie (Ossuary)
  Crazy Yiuf (D:6)
  3 iguanas
  3 orc wizards
  2 mummies (Ossuary)
  Robin (D:3)
  9 gnolls
  6 adders
  2 shadow imps
  4 white imps
  An ufetubus (D:5)
  2 adder zombies (Ossuary)
  3 worms
  4 dart slugs
  17 orcs
  3 bats
  4 bat zombies (D:4)
  4 endoplasms
  16 goblins
  9 hobgoblins
  5 quokkas
  6 ball pythons
  2 frilled lizards
  11 hobgoblin zombies (Ossuary)
  2 jackal zombies (Ossuary)
  12 kobolds
  7 kobold zombies (Ossuary)
  9 orc zombies (Ossuary)
  5 rats
  6 rat zombies
221 creatures vanquished.

Vanquished Creatures (collateral kills)
  An orc warrior (D:9)
  A sky beast (D:8)
  3 centaurs
  A wight (D:7)
  2 howler monkeys
  An orc wizard (D:9)
  A shadow imp (D:6)
  2 orcs
12 creatures vanquished.

Vanquished Creatures (others)
  A hornet zombie (D:8)
  A yak zombie (D:9)
  3 howler monkey zombies (D:10)
  A gnoll zombie (D:7)
  2 kobold zombies (D:7)
  3 orc zombies
  4 fungi (D:6)
  6 plants (D:7)
21 creatures vanquished.

Grand Total: 254 creatures vanquished

Notes
Turn   | Place    | Note
-------+----------+-------------------------------------------
     0 | D:1      | zeram the Minotaur Fighter began the quest for the Orb.
     0 | D:1      | Reached XP level 1. HP: 19/19 MP: 0/0
    38 | D:1      | Found a faded altar of an unknown god.
   194 | D:1      | Reached XP level 2. HP: 27/27 MP: 1/1
   290 | D:1      | Reached skill level 4 in Armour
   829 | D:2      | Reached XP level 3. HP: 29/33 MP: 2/2
  1192 | D:2      | Noticed Sigmund
  1202 | D:2      | Killed Sigmund
  1203 | D:2      | Reached skill level 5 in Axes
  1203 | D:2      | Reached skill level 5 in Armour
  1203 | D:2      | Reached skill level 1 in Dodging
  1203 | D:2      | Reached XP level 4. HP: 24/41 MP: 3/3
  1203 | D:2      | Reached XP level 5. HP: 28/47 MP: 4/4
  1584 | D:3      | Noticed Robin
  1584 | D:3      | Noticed Grinder
  1614 | D:3      | Killed Robin
  1618 | D:3      | Killed Grinder
  1619 | D:3      | Reached XP level 6. HP: 44/53 MP: 5/5
  2081 | D:4      | Reached XP level 7. HP: 42/60 MP: 6/6
  2152 | D:4      | Reached skill level 5 in Fighting
  2224 | D:4      | Found a sand-covered staircase.
  2230 | Ossuary  | Entered an ossuary
  2384 | Ossuary  | Reached skill level 6 in Armour
  3171 | D:4      | Found a sacrificial altar of Ru.
  3226 | D:4      | Found an ancient bone altar of Kikubaaqudgha.
  3287 | D:5      | Entered Level 5 of the Dungeon
  3390 | D:5      | Found a staircase to the Ecumenical Temple.
  3422 | Temple   | Entered the Ecumenical Temple
  3604 | Temple   | Became a worshipper of Yredelemnul the Dark
  3650 | D:5      | Found a transporter.
  3652 | D:5      | Noticed Tirrikindir's ghost (novice OpFi)
  3921 | D:5      | Reached * piety under Yredelemnul
  4246 | D:5      | Found a transporter.
  4753 | D:6      | Reached XP level 8. HP: 70/70 MP: 7/7
  4762 | D:6      | Noticed Prince Ribbit
  5065 | D:6      | Killed Prince Ribbit
  5066 | D:6      | Reached skill level 7 in Armour
  5202 | D:6      | Identified the +7 mace of Circular Logic {vorpal, rF+ Str+4
                  | Dex+2}
  5250 | D:6      | Reached skill level 5 in Shields
  5401 | D:6      | Reached ** piety under Yredelemnul
  5404 | D:6      | Reached skill level 1 in Maces & Flails
  5478 | D:6      | Reached *** piety under Yredelemnul
  5552 | D:6      | Found a stormy altar of Qazlal.
  5632 | D:6      | Found an ornate altar of the Wu Jian Council.
  5642 | D:6      | Reached skill level 8 in Armour
  5750 | D:6      | Found a glowing silver altar of Zin.
  6198 | D:6      | Found a runed translucent door.
  6199 | D:6      | Noticed Crazy Yiuf
  6205 | D:6      | Killed Crazy Yiuf
  6206 | D:6      | Reached XP level 9. HP: 78/78 MP: 8/8
  7121 | D:7      | Identified the +2 ring mail "Xoikub" {rN+}
  7121 | D:7      | Identified the -2 kite shield "Noprah" {rF+ Will+}
  7122 | D:7      | Noticed warriortoast's ghost (novice GrEE)
  7166 | D:7      | Found a transporter.
  7186 | D:7      | Noticed Grum
  7225 | D:7      | Found a transporter.
  7289 | D:7      | Reached skill level 9 in Armour
  7544 | D:7      | Found Kudwa's Jewellery Shop.
  7820 | D:8      | Paralysed by a hornet for 2 turns
  7980 | D:8      | Reached skill level 5 in Maces & Flails
  7997 | D:8      | Found Meczui's Book Shop.
  8215 | D:8      | Noticed Maggie
  8224 | D:8      | Killed Maggie
  8483 | D:8      | Reached skill level 10 in Armour
  8645 | D:8      | Noticed Joseph
  8658 | D:8      | Killed Joseph
  8659 | D:8      | Reached XP level 10. HP: 81/86 MP: 9/9
  9079 | D:9      | Reached **** piety under Yredelemnul
  9156 | D:9      | Identified the +8 mace "Ipedghie" {flame, Will+ SInv}
  9553 | D:9      | Reached ***** piety under Yredelemnul
  9638 | D:9      | Reached ****** piety under Yredelemnul
  9764 | D:10     | Entered Level 10 of the Dungeon
  9782 | D:10     | Noticed a rust devil
  9793 | D:10     | Found a staircase to the Lair.
  9793 | D:10     | Noticed a death yak
  9795 | D:10     | Noticed a death yak
  9796 | D:10     | Noticed a death yak
  9798 | D:10     | Noticed a death yak
  9798 | D:10     | Noticed a death yak
  9800 | D:10     | Noticed a death yak
  9804 | D:10     | HP: 2/88 [death yak (14)]
  9804 | D:10     | Mangled by a death yak

Illustrated notes

Levels and vault maps discovered:
D:1:      psy_arrival_heroes, layout_basic, chequers_ecumenical_altar_simple,
          chequers_serial_rivers_micro_b, dk_noncrumbling_4,
          grunt_decor_junction, minmay_misc_feat_five
D:2:      layout_rooms, uniq_sigmund
D:3:      layout_rooms, uniq_robin, uniq_grinder
D:4:      layout_loops_ring, lemuel_zombie_altar_kikubaaqudgha,
          lemuel_round_altar, enter_ossuary_5
D:5:      layout_basic, minmay_temple_entry_sparse_star, gammafunk_ghost_smash
D:6:      layout_basic, mainiacjoe_overflow_24_doors, zin_statuary,
          mainiacjoe_overflow_small_starburst,
          amcnicky_mini_rare_corridor_liquid, uniq_crazy_yiuf_cottage,
          uniq_prince_ribbit1
D:7:      layout_loops_ring, serial_glass, glass_columns_a, glass_columns_c,
          gammafunk_ghost_gnarly_gnolls, serial_shops, nicolae_take_the_stairs
D:8:      layout_gridville, serial_shops, nicolae_shop_hallway_stairs,
          dreamdust_wishing_well, uniq_maggie, uniq_joseph, uniq_grum
D:9:      layout_roguey, grunt_decor_resistance, amcnicky_mini_pool_medium
D:10:     layout_rooms, dpeg_lair_monsters, nicolae_blasting_shop
Temple:   bh_familiar_temple

Skill      XL: |  1  2  3  4  5  6  7  8  9 10 |
---------------+-------------------------------+-----
Armour         | 4 5 6 8 10 | 10.9
Shields        | 4 5 6 8 |  8.8
Fighting       | 4 5 6 7 8 |  8.0
Axes           | 5 6 7 9 |  9.1
Dodging        | 1 2 3 |  3.0
Maces & Flails | 1 6 9 |  9.1

Action                   |  1- 3 |  4- 6 |  7- 9 | 10-12 || total
-------------------------+-------+-------+-------+-------++-------
Melee: War axe           |    75 |    61 |       |       ||   136
       Headbutt          |     9 |     6 |    53 |    24 ||    92
       Hand axe          |       |    10 |   199 |       ||   209
       Mace              |       |       |   122 |    93 ||   215
  Use: Potion            |     1 |       |     2 |     1 ||     4
       Scroll            |       |     5 |    14 |     2 ||    21
 Stab: Distracted        |       |       |     2 |     1 ||     3
Armor: Scale mail        |    27 |    24 |    50 |       ||   101
       Plate armour      |       |       |   123 |    40 ||   163
Dodge: Dodged            |    34 |    23 |   137 |    30 ||   224
Block: Buckler           |     9 |    12 |    42 |       ||    63
       Tower shield      |       |       |    65 |    86 ||   151
